 Dungeon Crawl Stone Soup version 0.30-a0-691-g754fce4c43 (webtiles) character file.

Game seed: 3583504399033149570

102 Absynth the Slasher (level 4, 0/35 HPs)
             Began as a Merfolk Gladiator on Jan 19, 2023.
             Frozen to death by an endoplasm (5 damage)
             ... on level 1 of the Dungeon.
             The game lasted 00:04:33 (1321 turns).

Absynth the Slasher (Merfolk Gladiator)             Turns: 1321, Time: 00:04:33

Health: 0/35       AC:  4    Str: 14    XL:     4   Next: 78%
Magic:  4/4        EV: 13    Int:  9    God:
Gold:   60         SH:  0    Dex: 15    Spells: 3/3 levels left

rFire   . . .      SeeInvis .    a - +0 long sword
rCold   . . .      Faith    .    (no shield)
rNeg    . . .      Spirit   .    b - +0 leather armour
rPois   .          Reflect  .    c - +0 helmet
rElec   .          Harm     .    (no cloak)
rCorr   .          Rampage  .    (no gloves)
Will    .....                    (no boots)
Stlth   +                        (no amulet)
HPRegen 0.25/turn                (no ring)
MPRegen 0.09/turn                (no ring)

@: no status effects
A: (nimble swimmer 2), mertail
a: no special abilities


You were on level 1 of the Dungeon.
You visited 1 branch of the dungeon, and saw 2 of its levels.

You collected 60 gold pieces.

Inventory:

Hand Weapons
 a - a +0 long sword (weapon)
Missiles
 d - 3 throwing nets
 e - a javelin
 i - 3 atropa-tipped darts (quivered)
Armour
 b - a +0 leather armour (worn)
 c - a +0 helmet (worn)
Scrolls
 j - a scroll of amnesia {unknown}
 k - a scroll of identify {unknown}
 m - a scroll of fog {unknown}
Potions
 g - a potion of flight
 l - a potion of might {unknown}


   Skills:
 + Level 3.2 Fighting
 * Level 5.2 Long Blades
 - Level 2.0 Throwing
 + Level 4.9 Dodging


You had 3 spell levels left.
You didn't know any spells.
Your spell library was empty.

Dungeon Overview and Level Annotations

Branches:
Dungeon (2/15)

Altars:

Shops:
D:1 ![?(


Innate Abilities, Weirdness & Mutations

((You are very nimble when in or above water. (Stealth+, EV+, Speed+++)))
Your lower body shifts to a powerful aquatic tail in water.


Message History

* * * LOW HITPOINT WARNING * * *
You feel sick. The adder bites you but does no damage.
The rat barely misses you. The endoplasm barely misses you.
The adder closely misses you.
It was a potion of ambrosia.
You are confused.
You feel invigorated.
You feel sick.
You are no longer poisoned.
The adder closely misses you. The rat completely misses you.
The endoplasm closely misses you.
It was a potion of cancellation.
Your magical effects are unravelling.
You feel magically purged.
You feel less invigorated.
You float gracefully downwards.
You feel less confused. The adder completely misses you.
The rat barely misses you.
The endoplasm hits you but does no damage.
You barely miss the adder.
The adder is heavily wounded.
The adder bites you.
* * * LOW HITPOINT WARNING * * *
The rat closely misses you. The endoplasm freezes you.
You are frozen.
* * * LOW HITPOINT WARNING * * *
The adder barely misses you.
You barely miss the adder.
The adder is heavily wounded.
The adder bites you but does no damage. The rat bites you but does no damage.
The endoplasm hits you.
* * * LOW HITPOINT WARNING * * *
You miss the adder.
The adder is heavily wounded.
The adder misses you. The rat misses you. The endoplasm closely misses you.
The adder bites you but does no damage.
You barely miss the adder.
The adder is heavily wounded.
The endoplasm freezes you.
You are frozen.
You die...

###..)..#####......## #≈≈∩...#
#..##.............## #≈≈≈~~##
#..##.####.........#####)≈≈≈##
#..##.# #............##†######
###..##.#
#.##.#....##........).
.....##.#
#.##.#.#.######.######
####.##.# #.##.....)......#
.)......# #.####.#.########
#######.####...J@r..#
#.).......S.### #############


You could see an adder, an endoplasm and a rat.

Vanquished Creatures
  4 gnolls
  2 dart slugs (D:1)
  5 ball pythons
  6 bats
  7 endoplasms
  6 goblins (D:1)
  6 hobgoblins
  6 jackals (D:1)
  4 kobolds (D:1)
  2 quokkas
  2 frilled lizards (D:1)
  5 rats
55 creatures vanquished.

Notes
Turn   | Place    | Note
-------+----------+-------------------------------------------
     0 | D:1      | Absynth the Merfolk Gladiator began the quest for the Orb.
     0 | D:1      | Reached XP level 1. HP: 16/16 MP: 1/1
    20 | D:1      | Found Hymutuk's Antique Armour Boutique.
   124 | D:1      | Reached XP level 2. HP: 23/23 MP: 2/2
   126 | D:1      | Found Nerurie's Distillery.
   131 | D:1      | Reached skill level 4 in Long Blades
   379 | D:1      | Reached XP level 3. HP: 28/28 MP: 3/3
   491 | D:1      | Found Bitoiw's Magic Scroll Boutique.
   719 | D:1      | Found Xejinlao's Weapon Boutique.
   848 | D:2      | Reached XP level 4. HP: 25/35 MP: 4/4
   971 | D:1      | Reached skill level 5 in Long Blades
  1314 | D:1      | HP: 1/35 [frozen (5)]
  1321 | D:1      | Frozen to death by an endoplasm

Illustrated notes

Levels and vault maps discovered:
D:1:      ebering_trefoil_twist, layout_loops_ring, serial_shops, shop, shop,
          shop, nicolae_shop_waterfront, serial_bayou_crossing
D:2:      layout_rooms, uniq_robin

Skill      XL: |  1  2  3  4 |
---------------+-------------+-----
Long Blades    | 4 5 |  5.2
Fighting       | 3 |  3.2
Throwing       | |  2.0
Dodging        | |  4.9

Action                   |  1- 3 |  4- 6 || total
-------------------------+-------+-------++-------
Melee: Long sword        |   101 |    59 ||   160
Throw: Dart              |     1 |       ||     1
  Use: Potion            |       |     3 ||     3
Armor: Leather armour    |    22 |    31 ||    53
Dodge: Dodged            |    86 |   115 ||   201

Table legend: (Time is in decaauts)
 A = Elapsed time spent in this place.
 B = Non-inter-level travel time spent in this place.
 C = Inter-level travel time spent in this place.
 D = Time resting spent in this place.
 E = Time spent auto-exploring this place.
 F = Levels seen in this place.
 G = Mean time per level.
                   A        B        C        D        E       F      G
               +--------+--------+--------+--------+--------+-----+--------+
         Total |   1339 |   1263 |     76 |    183 |    588 |   2 |  669.5 |
       Dungeon |   1339 |   1263 |     76 |    183 |    588 |   2 |  669.5 |
               +--------+--------+--------+--------+--------+-----+--------+

Top non-repeatable levels by time:
     D:1: 1163 daAuts
     D:2: 176 daAuts
